Blue Jackets vs Predators

Created - October 20, 2019 at 19:05

Goals
1 2 3 OT1 T
Blue Jackets 0 2 1 1 4
Predators 2 1 0 0 3
Shots
1 2 3 OT1 T
Blue Jackets 9 16 3 1 29
Predators 10 6 4 0 20

1st period

1. Predators , Mikael Granlund 1 (Alexander Ovechkin 1, Ryan Mcdonagh 1) at 4:50 (PP)
2. Predators , Niclas Bergfors 1 (Alexander Ovechkin 2, Ryan Mcdonagh 2) at 18:39

Penalties :
Cody Eakin (Clb) for Hooking (Minor) at 4:10, Denis Grebeshkov (Nas) for High sticking (Minor) at 5:46, Mike Comrie (Clb) for Roughing (Minor) at 8:31

2nd period

3. Blue Jackets , Pavel Datsyuk 1 (Martin Havlat 1, Artemi Panarin 1) at 13:42
4. Blue Jackets , Cody Eakin 1 (Rob Scuderi 1, Eric Wellwood 1) at 16:53
5. Predators , Ryan Kesler 1 (Brendan Gallagher 1, Alexander Steen 1) at 17:33

Penalties :
Nik Antropov (Nas) for Interference (Minor) at 2:01, Devin Setoguchi (Clb) for Hooking (Minor) at 18:14, Ryan Murray (Nas) for High sticking (Minor) at 19:47

3rd period

6. Blue Jackets , Peter Mueller 1 (Derek Boogaard 1, Devin Setoguchi 1) at 15:44 (PP)

Penalties :
Brendan Gallagher (Nas) for Goalie Interference (Minor) at 6:47, Brendan Gallagher (Nas) for Hooking (Minor) at 14:35, Niclas Bergfors (Nas) for Tripping (Minor) at 16:29

Overtime #1

7. Blue Jackets , Martin Havlat 1 (Pavel Datsyuk 1) at 0:54

Penalties :
No Penalty

Goalie Stats

Rick DiPietro (Clb), 17 saves from 20 shots - (0.850), W, 1-0-0, 60:54 minutes
Viktor Fasth (Nas), 25 saves from 29 shots - (0.862), OTL, 0-0-1, 60:54 minutes

Players Stats for Blue Jackets

Player Name              G  A  P  +/- PIM S  H  SB GA TA FO     MP     PP MP  PK MP  
------------------------------------------------------------------------------------
A.J Thelen               0  0  0   0  0   2  1  0  0  0  0/0    11:55   0:41   0:00 
Andreas Nodl             0  0  0   0  0   0  1  0  0  1  1/1     9:56   0:00   0:00 
Artemi Panarin           0  1  1   0  0   4  1  0  0  0  3/10   25:26   5:02   2:54 
Branislav Mezei          0  0  0   1  0   0  2  0  1  1  0/0    20:26   4:39   1:32 
Cam Fowler               0  0  0   0  0   1  0  2  1  0  0/0    28:33   5:18   2:40 
Cody Eakin               1  0  1   1  2   2  0  0  0  0  1/3     7:42   0:21   0:44 
Derek Boogaard           0  1  1  -1  0   2  1  2  0  0  0/0    19:27   4:41   2:21 
Devin Setoguchi          0  1  1  -1  2   0  0  0  0  0  0/0    16:44   4:59   0:00 
Eric Wellwood            0  1  1   1  0   0  0  1  0  0  0/0     7:18   0:21   0:41 
Martin Havlat            1  1  2   1  0   4  3  0  2  0  1/3    22:59   4:53   0:52 
Max Pacioretty           0  0  0   0  0   0  3  0  0  0  0/0    10:42   0:43   0:00 
Mike Comrie              0  0  0   0  2   0  2  0  0  0  4/7    11:04   0:25   0:00 
Mike Lundin              0  0  0   0  0   2  5  5  2  0  0/0    28:33   5:18   2:40 
Pavel Datsyuk            1  1  2   1  0   5  2  0  2  0  14/30  22:59   4:53   0:52 
Peter Mueller            1  0  1  -1  0   7  0  2  0  0  5/12   16:12   4:50   0:00 
Rob Scuderi              0  1  1   1  0   0  2  0  0  1  0/0    20:26   4:39   1:32 
Ryan Wilson              0  0  0   0  0   0  1  1  0  0  0/0    11:55   0:41   0:00 
Tyler Kennedy            0  0  0   1  0   0  0  0  0  0  0/0     6:38   0:46   0:00 

Players Stats for Predators

Player Name              G  A  P  +/- PIM S  H  SB GA TA FO     MP     PP MP  PK MP  
------------------------------------------------------------------------------------
Adam Burish              0  0  0   0  0   0  0  0  0  0  0/0    12:39   0:00   5:33 
Alexander Edler          0  0  0   1  0   0  3  1  0  1  0/0    28:42   2:15   5:03 
Alexander Ovechkin       0  2  2   0  0   3  2  0  1  1  2/3    22:37   2:16   1:27 
Alexander Steen          0  1  1   1  0   0  0  0  0  0  0/0    12:29   0:04   0:28 
Andy Miele               0  0  0  -1  0   1  1  0  0  1  8/11   13:04   0:00   5:28 
Brendan Gallagher        0  1  1   0  4   1  1  0  0  0  1/2    14:19   2:12   0:00 
Byron Bitz               0  0  0  -1  0   1  2  0  0  0  0/1    11:38   0:00   3:10 
Denis Grebeshkov         0  0  0   0  2   1  0  0  0  1  0/0    11:41   0:00   1:12 
James Van Riemsdyk       0  0  0  -1  0   1  1  0  0  1  0/0     9:01   1:56   0:00 
John Moore               0  0  0  -2  0   0  1  1  0  1  0/0    20:37   1:57   4:23 
Justin Abdelkader        0  0  0   0  0   1  1  0  0  0  0/0     6:57   0:00   0:00 
Mikael Granlund          1  0  1   0  0   4  1  0  0  0  19/33  22:40   2:16   1:32 
Nate Schmidt             0  0  0   0  0   0  0  0  0  0  0/0    14:52   0:00   4:23 
Niclas Bergfors          1  0  1   0  2   2  2  0  0  1  0/1    19:32   1:56   0:00 
Nik Antropov             0  0  0   0  2   0  2  1  0  0  1/2     7:35   0:00   0:28 
Ryan Kesler              1  0  1   0  0   4  0  1  1  0  6/13   17:26   1:56   3:10 
Ryan Mcdonagh            0  2  2   1  0   1  1  0  0  0  0/0    28:44   2:15   5:03 
Ryan Murray              0  0  0  -2  2   0  0  0  1  1  0/0    17:53   1:56   1:12 

3 Stars

1 - Martin Havlat (Clb)
2 - Pavel Datsyuk (Clb)
3 - Ryan Mcdonagh (Nas)

Power Play

Blue Jackets - 1 on 6 Attempt(s) - 16.67%
Predators - 1 on 3 Attempt(s) - 33.33%

Penalty Kill

Blue Jackets - 2 on 3 Attempt(s) - 66.67% - Score 0 goal in Penalty Kill
Predators - 5 on 6 Attempt(s) - 83.33% - Score 0 goal in Penalty Kill

Team Stat

Blue Jackets - Hits : 24 - Faceoff Wins : 29 - Blocked Shots : 13 - Penalty Minutes : 6
Predators - Hits : 18 - Faceoff Wins : 37 - Blocked Shots : 4 - Penalty Minutes : 12

Official

Referees : Unknown
Linesman : Unknown

Game Notes

No Game Note

Finance

Level 1 -- Attendance: 6000 (100.00%) -- Ticket Income $540,000
Level 2 -- Attendance: 3453 (69.06%) -- Ticket Income $224,445
Level 3 -- Attendance: 1561 (78.05%) -- Ticket Income $70,245
Level 4 -- Attendance: 2817 (70.43%) -- Ticket Income $98,595
Luxury Box -- Attendance: 677 (67.70%) -- Ticket Income $135,400
Game was played at the Wildcat center.
Total Attendance: 14508 (80.60%)
Total Ticket Income: $1,068,685
Other Income: $160,303
Total Income: $1,228,988

Blue Jackets

5 vs 5 Forward 
   Center                   Left Wing                Right Wing               Time % Phy DF OF 
 1 Pavel Datsyuk            Artemi Panarin           Martin Havlat            40     1   2  2  
 2 Peter Mueller            Derek Boogaard           Devin Setoguchi          30     1   2  2  
 3 Mike Comrie              Max Pacioretty           Andreas Nodl             20     1   2  2  
 4 Cody Eakin               Eric Wellwood            Tyler Kennedy            10     1   2  2  

5 vs 5 Defense 
   Defense                  Defense                                           Time % Phy DF OF 
 1 Mike Lundin              Cam Fowler                                        40     1   2  2  
 2 Branislav Mezei          Rob Scuderi                                       30     1   2  2  
 3 A.J Thelen               Ryan Wilson                                       20     1   2  2  
 4 Mike Lundin              Cam Fowler                                        10     1   2  2  

PowerPlay Forward 
   Center                   Left Wing                Right Wing               Time % Phy DF OF 
 1 Pavel Datsyuk            Artemi Panarin           Martin Havlat            60     1   2  2  
 2 Peter Mueller            Derek Boogaard           Devin Setoguchi          40     1   2  2  

PowerPlay Defense
   Defense                  Defense                                           Time % Phy DF OF 
 1 Mike Lundin              Cam Fowler                                        60     1   2  2  
 2 Branislav Mezei          Rob Scuderi                                       40     1   2  2  

Penalty Kill 4 Players Forward 
   Center                   Wing                     Time % Phy DF OF 
 1 Artemi Panarin           Derek Boogaard           60     1   2  2  
 2 Pavel Datsyuk            Martin Havlat            40     1   2  2  

Penalty Kill 4 Players Defense
   Defense                  Defense                  Time % Phy DF OF 
 1 Mike Lundin              Cam Fowler               60     1   2  2  
 2 Branislav Mezei          Rob Scuderi              40     1   2  2  

Penalty Kill - 3 Players Forward 
   Forward                                           Time % Phy DF OF 
 1 Artemi Panarin                                    60     1   2  2  
 2 Derek Boogaard                                    40     1   2  2  

Penalty Kill - 3 Players Defense
   Defense                  Defense                  Time % Phy DF OF 
 1 Mike Lundin              Cam Fowler               60     1   2  2  
 2 Branislav Mezei          Rob Scuderi              40     1   2  2  

4 vs 4 Forward 
   Center                   Wing                     Time % Phy DF OF 
 1 Artemi Panarin           Derek Boogaard           60     1   2  2  
 2 Pavel Datsyuk            Martin Havlat            40     1   2  2  

4 vs 4 Defense
   Defense                  Defense                  Time % Phy DF OF 
 1 Mike Lundin              Cam Fowler               60     1   2  2  
 2 Branislav Mezei          Rob Scuderi              40     1   2  2  

Last Minutes Offensive
   Center                   Left Wing                Right Wing               Defense                  Defense                  
   Pavel Datsyuk            Artemi Panarin           Martin Havlat            Mike Lundin              Cam Fowler               

Last Minutes Defensive
   Center                   Left Wing                Right Wing               Defense                  Defense                  
   Pavel Datsyuk            Artemi Panarin           Martin Havlat            Mike Lundin              Cam Fowler               

Goaltenders
Starting : Rick DiPietro            
Backup : Andrei Vasilevskiy       

Extra Forwards
Normal : Max Pacioretty, Mike Comrie, Cody Eakin - PP : Max Pacioretty, Mike Comrie - PK : Cody Eakin
Extra Defensemen
Normal : A.J Thelen, Ryan Wilson, Branislav Mezei - PP : A.J Thelen - PK : Ryan Wilson, Branislav Mezei
Penalty Shots
Artemi Panarin, Derek Boogaard, Pavel Datsyuk, Martin Havlat, Max Pacioretty

Scratches
Kevin Porter (Healthy)

Predators

5 vs 5 Forward 
   Center                   Left Wing                Right Wing               Time % Phy DF OF 
 1 Mikael Granlund          Alexander Ovechkin       Niclas Bergfors          40     1   2  2  
 2 Ryan Kesler              Alexander Steen          Brendan Gallagher        30     1   1  3  
 3 Andy Miele               James Van Riemsdyk       Byron Bitz               20     1   2  2  
 4 Nik Antropov             Justin Abdelkader        Adam Burish              10     1   2  2  

5 vs 5 Defense 
   Defense                  Defense                                           Time % Phy DF OF 
 1 Ryan Mcdonagh            Alexander Edler                                   40     1   2  2  
 2 John Moore               Ryan Murray                                       30     1   2  2  
 3 Nate Schmidt             Denis Grebeshkov                                  20     1   3  1  
 4 Ryan Mcdonagh            Alexander Edler                                   10     1   3  1  

PowerPlay Forward 
   Center                   Left Wing                Right Wing               Time % Phy DF OF 
 1 Mikael Granlund          Alexander Ovechkin       Brendan Gallagher        60     1   1  3  
 2 Ryan Kesler              James Van Riemsdyk       Niclas Bergfors          40     1   1  3  

PowerPlay Defense
   Defense                  Defense                                           Time % Phy DF OF 
 1 Ryan Mcdonagh            Alexander Edler                                   51     1   2  2  
 2 John Moore               Ryan Murray                                       49     1   2  2  

Penalty Kill 4 Players Forward 
   Center                   Wing                     Time % Phy DF OF 
 1 Andy Miele               Adam Burish              60     1   3  1  
 2 Ryan Kesler              Byron Bitz               40     1   3  1  

Penalty Kill 4 Players Defense
   Defense                  Defense                  Time % Phy DF OF 
 1 Ryan Mcdonagh            Alexander Edler          60     1   3  1  
 2 John Moore               Nate Schmidt             40     1   3  1  

Penalty Kill - 3 Players Forward 
   Forward                                           Time % Phy DF OF 
 1 Byron Bitz                                        60     1   3  1  
 2 Adam Burish                                       40     1   3  1  

Penalty Kill - 3 Players Defense
   Defense                  Defense                  Time % Phy DF OF 
 1 Ryan Mcdonagh            Alexander Edler          60     1   3  1  
 2 John Moore               Nate Schmidt             40     1   3  1  

4 vs 4 Forward 
   Center                   Wing                     Time % Phy DF OF 
 1 Mikael Granlund          Alexander Ovechkin       60     1   2  2  
 2 Ryan Kesler              Brendan Gallagher        40     1   2  2  

4 vs 4 Defense
   Defense                  Defense                  Time % Phy DF OF 
 1 Ryan Mcdonagh            Alexander Edler          60     1   2  2  
 2 John Moore               Ryan Murray              40     1   2  2  

Last Minutes Offensive
   Center                   Left Wing                Right Wing               Defense                  Defense                  
   Mikael Granlund          Alexander Ovechkin       Niclas Bergfors          Ryan Mcdonagh            Alexander Edler          

Last Minutes Defensive
   Center                   Left Wing                Right Wing               Defense                  Defense                  
   Ryan Kesler              Alexander Ovechkin       Brendan Gallagher        Ryan Mcdonagh            Alexander Edler          

Goaltenders
Starting : Viktor Fasth             
Backup : Anders Lindback          

Extra Forwards
Normal : Alexander Steen, Andy Miele, Byron Bitz - PP : Alexander Steen, Andy Miele - PK : Andy Miele
Extra Defensemen
Normal : Denis Grebeshkov, Alexander Edler, John Moore - PP : Denis Grebeshkov - PK : Denis Grebeshkov, Ryan Murray
Penalty Shots
Ryan Kesler, Niclas Bergfors, Alexander Ovechkin, Andy Miele, Ryan Mcdonagh

Scratches
Dmitri Kalinin (Healthy)

% Time on Ice - Blue Jackets

Lines # - Real PCT - Wanted PCT - Time Play
Normal Forward
1 - 38% - 40% - 17:02
2 - 27% - 30% - 11:54
3 - 22% - 20% - 9:56
4 - 13% - 10% - 5:52
Normal Defense
1 - 40% - 40% - 18:01
2 - 31% - 30% - 13:59
3 - 25% - 20% - 11:14
4 - 3% - 10% - 1:30
PP Forward
1 - 47% - 60% - 5:02
2 - 53% - 40% - 5:36
PP Defense
1 - 56% - 60% - 5:59
2 - 44% - 40% - 4:39
PK Forward
1 - 79% - 60% - 3:20
2 - 21% - 40% - 0:52
PK Defense
1 - 63% - 60% - 2:40
2 - 37% - 40% - 1:32
PK3 Forward
1 - 0% - 60%
2 - 0% - 40%
PK3 Defense
1 - 0% - 60%
2 - 0% - 40%
44 Forward
1 - 80% - 60% - 1:04
2 - 20% - 40% - 0:16
44 Defense
1 - 80% - 60% - 1:04
2 - 20% - 40% - 0:16
Last Minute Offensive  - 0:00
Last Minute Defensive  - 0:00
Total
Forward - 60:54
Defense - 60:54

% Time on Ice - Predators

Lines # - Real PCT - Wanted PCT - Time Play
Normal Forward
1 - 41% - 40% - 18:26
2 - 27% - 30% - 12:05
3 - 16% - 20% - 7:16
4 - 16% - 10% - 6:57
Normal Defense
1 - 42% - 40% - 18:51
2 - 31% - 30% - 13:58
3 - 23% - 20% - 10:17
4 - 4% - 10% - 1:38
PP Forward
1 - 54% - 60% - 2:16
2 - 46% - 40% - 1:56
PP Defense
1 - 54% - 51% - 2:15
2 - 46% - 49% - 1:57
PK Forward
1 - 70% - 60% - 7:28
2 - 30% - 40% - 3:10
PK Defense
1 - 47% - 60% - 5:03
2 - 53% - 40% - 5:35
PK3 Forward
1 - 0% - 60%
2 - 0% - 40%
PK3 Defense
1 - 0% - 60%
2 - 0% - 40%
44 Forward
1 - 81% - 60% - 1:05
2 - 19% - 40% - 0:15
44 Defense
1 - 69% - 60% - 0:55
2 - 31% - 40% - 0:25
Last Minute Offensive  - 0:00
Last Minute Defensive  - 0:00
Total
Forward - 60:54
Defense - 60:54

Play-by-Play

1st period


0:01 of 1st period - Pavel Datsyuk wins face-off versus Mikael Granlund in neutral zone.
2:05 of 1st period - Snap shot by Justin Abdelkader.
2:05 of 1st period - Shot Blocked by Derek Boogaard.
2:27 of 1st period - Wrist shot by Peter Mueller.
2:27 of 1st period - Stopped by Viktor Fasth with a rebound.
2:29 of 1st period - Slapshot by Branislav Mezei.
2:29 of 1st period - Deflect By Peter Mueller.
2:29 of 1st period - Shot Misses the Net.
2:29 of 1st period - Puck is out of play.
2:30 of 1st period - Pavel Datsyuk wins face-off versus Mikael Granlund in Predators zone.
2:37 of 1st period - Snap shot by Martin Havlat.
2:37 of 1st period - Stopped by Viktor Fasth without a rebound.
2:38 of 1st period - Mikael Granlund wins face-off versus Pavel Datsyuk in Predators zone.
2:56 of 1st period - Wrist shot by Pavel Datsyuk.
2:56 of 1st period - Shot Misses the Net.
3:36 of 1st period - Wrist shot by Alexander Ovechkin.
3:36 of 1st period - Stopped by Rick DiPietro without a rebound.
3:37 of 1st period - Ryan Kesler wins face-off versus Mike Comrie in Blue Jackets zone.
3:38 of 1st period - Wrist shot by Brendan Gallagher.
3:38 of 1st period - Shot Misses the Net.
3:40 of 1st period - Snap shot by Alexander Edler.
3:40 of 1st period - Shot Misses the Net.
4:10 of 1st period - Minor Penalty to Cody Eakin for Hooking.
4:11 of 1st period - Artemi Panarin wins face-off versus Mikael Granlund in Blue Jackets zone.
4:36 of 1st period - Slapshot by Niclas Bergfors.
4:36 of 1st period - Shot Blocked by Mike Lundin.
4:38 of 1st period - Wrist shot by Ryan Kesler.
4:38 of 1st period - Deflect By James Van Riemsdyk.
4:38 of 1st period - Shot Misses the Net.
4:38 of 1st period - Puck is out of play.
4:39 of 1st period - Mikael Granlund wins face-off versus Artemi Panarin in Blue Jackets zone.
4:50 of 1st period - Snap shot by Alexander Ovechkin.
4:50 of 1st period - Deflect By Mikael Granlund.
4:50 of 1st period - Goal by Mikael Granlund - Blue Jackets : 0 - Predators : 1.
4:51 of 1st period - Mike Comrie wins face-off versus Ryan Kesler in neutral zone.
5:46 of 1st period - Minor Penalty to Denis Grebeshkov for High sticking.
5:47 of 1st period - Andy Miele wins face-off versus Pavel Datsyuk in Predators zone.
6:00 of 1st period - Cam Fowler is hit by Andy Miele and loses puck.
6:21 of 1st period - Snap shot by Derek Boogaard.
6:21 of 1st period - Stopped by Viktor Fasth without a rebound.
6:22 of 1st period - Ryan Kesler wins face-off versus Peter Mueller in Predators zone.
7:46 of 1st period - Penalty to Denis Grebeshkov is over, Denis Grebeshkov is back on ice.
8:02 of 1st period - Snap shot by Ryan Kesler.
8:02 of 1st period - Stopped by Rick DiPietro with a rebound.
8:12 of 1st period - Branislav Mezei is hit by Mikael Granlund and loses puck.
8:31 of 1st period - Minor Penalty to Mike Comrie for Roughing.
8:32 of 1st period - Mikael Granlund wins face-off versus Artemi Panarin in Blue Jackets zone.
8:40 of 1st period - Snap shot by Alexander Edler.
8:40 of 1st period - Shot Blocked by Derek Boogaard.
8:42 of 1st period - Snap shot by Alexander Edler.
8:42 of 1st period - Shot Blocked by Mike Lundin.
10:31 of 1st period - Penalty to Mike Comrie is over, Mike Comrie is back on ice.
11:12 of 1st period - Byron Bitz is hit by A.J Thelen and loses puck.
11:25 of 1st period - Derek Boogaard is hit by Nik Antropov.
11:39 of 1st period - Alexander Edler is hit by Max Pacioretty and loses puck.
12:00 of 1st period - Adam Burish is hit by Mike Lundin and loses puck.
12:27 of 1st period - Niclas Bergfors is hit by Mike Lundin and loses puck.
12:58 of 1st period - Slapshot by Peter Mueller.
12:58 of 1st period - Stopped by Viktor Fasth with a rebound.
13:00 of 1st period - Slapshot by Ryan Wilson.
13:00 of 1st period - Shot Misses the Net.
13:07 of 1st period - Icing by Niclas Bergfors.
13:08 of 1st period - Mikael Granlund wins face-off versus Pavel Datsyuk in Predators zone.
13:18 of 1st period - Off-side.
13:19 of 1st period - Pavel Datsyuk wins face-off versus Alexander Ovechkin in neutral zone.
13:32 of 1st period - Snap shot by Mikael Granlund.
13:32 of 1st period - Shot Misses the Net.
14:09 of 1st period - Alexander Edler is hit by Mike Comrie and loses puck.
14:18 of 1st period - Slapshot by Mike Lundin.
14:18 of 1st period - Stopped by Viktor Fasth without a rebound.
14:19 of 1st period - Mikael Granlund wins face-off versus Peter Mueller in Predators zone.
14:26 of 1st period - Derek Boogaard is hit by Ryan Mcdonagh.
15:11 of 1st period - Snap shot by Byron Bitz.
15:11 of 1st period - Stopped by Rick DiPietro with a rebound.
15:13 of 1st period - Wrist shot by Byron Bitz.
15:13 of 1st period - Shot Blocked by Eric Wellwood.
15:15 of 1st period - Slapshot by Ryan Mcdonagh.
15:15 of 1st period - Stopped by Rick DiPietro without a rebound.
15:16 of 1st period - Mikael Granlund wins face-off versus Pavel Datsyuk in Blue Jackets zone.
15:17 of 1st period - Snap shot by Alexander Ovechkin.
15:17 of 1st period - Stopped by Rick DiPietro without a rebound.
15:18 of 1st period - Mikael Granlund wins face-off versus Pavel Datsyuk in Blue Jackets zone.
15:33 of 1st period - Wrist shot by Niclas Bergfors.
15:33 of 1st period - Stopped by Rick DiPietro without a rebound.
15:34 of 1st period - Pavel Datsyuk wins face-off versus Ryan Kesler in Blue Jackets zone.
15:39 of 1st period - Snap shot by Artemi Panarin.
15:39 of 1st period - Shot Misses the Net.
16:28 of 1st period - Snap shot by Andreas Nodl.
16:28 of 1st period - Shot Misses the Net.
16:30 of 1st period - Snap shot by Mike Comrie.
16:30 of 1st period - Shot Misses the Net.
17:08 of 1st period - Off-side.
17:09 of 1st period - Mikael Granlund wins face-off versus Pavel Datsyuk in neutral zone.
17:16 of 1st period - Slapshot by Ryan Mcdonagh.
17:16 of 1st period - Shot Misses the Net.
17:30 of 1st period - Wrist shot by Pavel Datsyuk.
17:30 of 1st period - Deflect By Artemi Panarin.
17:30 of 1st period - Stopped by Viktor Fasth with a rebound.
17:32 of 1st period - Wrist shot by A.J Thelen.
17:32 of 1st period - Stopped by Viktor Fasth with a rebound.
17:36 of 1st period - Wrist shot by Artemi Panarin.
17:36 of 1st period - Stopped by Viktor Fasth without a rebound.
17:37 of 1st period - Peter Mueller wins face-off versus Ryan Kesler in Predators zone.
18:18 of 1st period - Slapshot by Max Pacioretty.
18:18 of 1st period - Shot Misses the Net.
18:29 of 1st period - Snap shot by Justin Abdelkader.
18:29 of 1st period - Shot Misses the Net.
18:31 of 1st period - Slapshot by Denis Grebeshkov.
18:31 of 1st period - Shot Blocked by Mike Lundin.
18:33 of 1st period - Wrist shot by Denis Grebeshkov.
18:33 of 1st period - Stopped by Rick DiPietro without a rebound.
18:34 of 1st period - Alexander Ovechkin wins face-off versus Martin Havlat in Blue Jackets zone.
18:35 of 1st period - Wrist shot by Mikael Granlund.
18:35 of 1st period - Stopped by Rick DiPietro with a rebound.
18:37 of 1st period - Slapshot by Ryan Mcdonagh.
18:37 of 1st period - Shot Misses the Net.
18:39 of 1st period - Wrist shot by Alexander Ovechkin.
18:39 of 1st period - Deflect By Niclas Bergfors.
18:39 of 1st period - Goal by Niclas Bergfors - Blue Jackets : 0 - Predators : 2.
18:40 of 1st period - Mikael Granlund wins face-off versus Pavel Datsyuk in neutral zone.
18:57 of 1st period - Slapshot by Mike Lundin.
18:57 of 1st period - Deflect By Alexander Ovechkin.
18:57 of 1st period - Stopped by Viktor Fasth without a rebound.
18:58 of 1st period - Brendan Gallagher wins face-off versus Peter Mueller in Predators zone.
19:03 of 1st period - Slapshot by Ryan Mcdonagh.
19:03 of 1st period - Shot Misses the Net.
19:45 of 1st period - Off-side.
19:46 of 1st period - Mike Comrie wins face-off versus Byron Bitz in neutral zone.
19:51 of 1st period - Slapshot by Max Pacioretty.
19:51 of 1st period - Shot Misses the Net.
19:59 of 1st period - Snap shot by Byron Bitz.
19:59 of 1st period - Shot Blocked by Cam Fowler.
Goals for this period are 0 for Blue Jackets vs 2 for Predators.
Shots for this period are 9 for Blue Jackets vs 10 for Predators.

2nd period


0:01 of 2nd period - Mikael Granlund wins face-off versus Pavel Datsyuk in neutral zone.
1:06 of 2nd period - Eric Wellwood is hit by Byron Bitz and loses puck.
1:17 of 2nd period - Alexander Ovechkin is hit by Ryan Wilson and loses puck.
1:45 of 2nd period - Brendan Gallagher is hit by Martin Havlat and loses puck.
2:01 of 2nd period - Minor Penalty to Nik Antropov for Interference.
2:02 of 2nd period - Andy Miele wins face-off versus Pavel Datsyuk in Predators zone.
2:02 of 2nd period - Andy Miele is hit by Mike Lundin.
2:32 of 2nd period - Andy Miele is hit by Mike Lundin and loses puck.
3:27 of 2nd period - Mike Lundin is hit by Alexander Edler and loses puck.
3:35 of 2nd period - Icing by Artemi Panarin.
3:36 of 2nd period - Pavel Datsyuk wins face-off versus Mikael Granlund in Blue Jackets zone.
3:53 of 2nd period - Pavel Datsyuk is hit by Byron Bitz and loses puck.
4:01 of 2nd period - Penalty to Nik Antropov is over, Nik Antropov is back on ice.
5:34 of 2nd period - Wrist shot by Justin Abdelkader.
5:34 of 2nd period - Stopped by Rick DiPietro without a rebound.
5:35 of 2nd period - Pavel Datsyuk wins face-off versus Nik Antropov in Blue Jackets zone.
5:52 of 2nd period - Martin Havlat is hit by Justin Abdelkader and loses puck.
6:01 of 2nd period - Adam Burish is hit by Martin Havlat.
6:13 of 2nd period - Wrist shot by Pavel Datsyuk.
6:13 of 2nd period - Deflect By Martin Havlat.
6:13 of 2nd period - Stopped by Viktor Fasth without a rebound.
6:14 of 2nd period - Peter Mueller wins face-off versus Mikael Granlund in Predators zone.
6:26 of 2nd period - Slapshot by Derek Boogaard.
6:26 of 2nd period - Shot Misses the Net.
6:28 of 2nd period - Snap shot by Peter Mueller.
6:28 of 2nd period - Stopped by Viktor Fasth without a rebound.
6:29 of 2nd period - Mike Comrie wins face-off versus Ryan Kesler in Predators zone.
6:34 of 2nd period - Wrist shot by Max Pacioretty.
6:34 of 2nd period - Shot Misses the Net.
6:40 of 2nd period - Slapshot by Andreas Nodl.
6:40 of 2nd period - Shot Misses the Net.
7:05 of 2nd period - Off-side.
7:06 of 2nd period - Peter Mueller wins face-off versus Mikael Granlund in neutral zone.
7:58 of 2nd period - Eric Wellwood is hit by Alexander Edler and loses puck.
9:16 of 2nd period - Cody Eakin is hit by James Van Riemsdyk and loses puck.
9:49 of 2nd period - Snap shot by Eric Wellwood.
9:49 of 2nd period - Shot Blocked by Nik Antropov.
9:59 of 2nd period - Wrist shot by Cody Eakin.
9:59 of 2nd period - Stopped by Viktor Fasth without a rebound.
10:00 of 2nd period - Mikael Granlund wins face-off versus Pavel Datsyuk in Predators zone.
10:11 of 2nd period - Wrist shot by Mikael Granlund.
10:11 of 2nd period - Stopped by Rick DiPietro with a rebound.
10:32 of 2nd period - Snap shot by Alexander Ovechkin.
10:32 of 2nd period - Shot Misses the Net.
10:38 of 2nd period - Snap shot by Cam Fowler.
10:38 of 2nd period - Deflect By Andreas Nodl.
10:38 of 2nd period - Shot Misses the Net.
10:38 of 2nd period - Puck is out of play.
10:39 of 2nd period - Ryan Kesler wins face-off versus Pavel Datsyuk in Predators zone.
10:53 of 2nd period - Snap shot by Pavel Datsyuk.
10:53 of 2nd period - Deflect By Alexander Edler.
10:53 of 2nd period - Stopped by Viktor Fasth without a rebound.
10:54 of 2nd period - Andy Miele wins face-off versus Pavel Datsyuk in Predators zone.
10:54 of 2nd period - Andy Miele is hit by Pavel Datsyuk.
11:00 of 2nd period - Snap shot by Andy Miele.
11:00 of 2nd period - Shot Misses the Net.
11:02 of 2nd period - Snap shot by Andy Miele.
11:02 of 2nd period - Deflect By James Van Riemsdyk.
11:02 of 2nd period - Stopped by Rick DiPietro with a rebound.
11:49 of 2nd period - Snap shot by Ryan Kesler.
11:49 of 2nd period - Shot Misses the Net.
12:03 of 2nd period - Wrist shot by Andy Miele.
12:03 of 2nd period - Stopped by Rick DiPietro without a rebound.
12:04 of 2nd period - Pavel Datsyuk wins face-off versus Andy Miele in Blue Jackets zone.
12:31 of 2nd period - Alexander Ovechkin is hit by Max Pacioretty and loses puck.
12:54 of 2nd period - Snap shot by Ryan Wilson.
12:54 of 2nd period - Shot Blocked by Alexander Edler.
12:56 of 2nd period - Slapshot by A.J Thelen.
12:56 of 2nd period - Stopped by Viktor Fasth without a rebound.
12:57 of 2nd period - Mikael Granlund wins face-off versus Pavel Datsyuk in Predators zone.
13:24 of 2nd period - Slapshot by Brendan Gallagher.
13:24 of 2nd period - Shot Blocked by Peter Mueller.
13:34 of 2nd period - Snap shot by Peter Mueller.
13:34 of 2nd period - Stopped by Viktor Fasth without a rebound.
13:35 of 2nd period - Pavel Datsyuk wins face-off versus Mikael Granlund in Predators zone.
13:38 of 2nd period - Wrist shot by Martin Havlat.
13:38 of 2nd period - Shot Misses the Net.
13:40 of 2nd period - Snap shot by Martin Havlat.
13:40 of 2nd period - Stopped by Viktor Fasth with a rebound.
13:42 of 2nd period - Snap shot by Pavel Datsyuk.
13:42 of 2nd period - Goal by Pavel Datsyuk - Blue Jackets : 1 - Predators : 2.
13:43 of 2nd period - Mikael Granlund wins face-off versus Artemi Panarin in neutral zone.
13:48 of 2nd period - Snap shot by Artemi Panarin.
13:48 of 2nd period - Shot Misses the Net.
13:50 of 2nd period - Wrist shot by Pavel Datsyuk.
13:50 of 2nd period - Stopped by Viktor Fasth without a rebound.
13:51 of 2nd period - Pavel Datsyuk wins face-off versus Mikael Granlund in Predators zone.
13:52 of 2nd period - Slapshot by Artemi Panarin.
13:52 of 2nd period - Stopped by Viktor Fasth with a rebound.
13:54 of 2nd period - Slapshot by Mike Lundin.
13:54 of 2nd period - Shot Misses the Net.
13:56 of 2nd period - Snap shot by Pavel Datsyuk.
13:56 of 2nd period - Stopped by Viktor Fasth with a rebound.
13:58 of 2nd period - Snap shot by Pavel Datsyuk.
13:58 of 2nd period - Stopped by Viktor Fasth with a rebound.
14:00 of 2nd period - Slapshot by Artemi Panarin.
14:00 of 2nd period - Shot Misses the Net.
14:02 of 2nd period - Slapshot by Cam Fowler.
14:02 of 2nd period - Stopped by Viktor Fasth without a rebound.
14:03 of 2nd period - Pavel Datsyuk wins face-off versus Mikael Granlund in Predators zone.
14:32 of 2nd period - Snap shot by Alexander Steen.
14:32 of 2nd period - Shot Blocked by Peter Mueller.
14:37 of 2nd period - Off-side.
14:38 of 2nd period - Peter Mueller wins face-off versus Brendan Gallagher in neutral zone.
14:41 of 2nd period - Snap shot by Peter Mueller.
14:41 of 2nd period - Stopped by Viktor Fasth with a rebound.
15:00 of 2nd period - Icing by Branislav Mezei.
15:01 of 2nd period - Pavel Datsyuk wins face-off versus Mikael Granlund in Blue Jackets zone.
15:01 of 2nd period - Pavel Datsyuk is hit by Alexander Ovechkin.
15:31 of 2nd period - Snap shot by Peter Mueller.
15:31 of 2nd period - Stopped by Viktor Fasth without a rebound.
15:32 of 2nd period - Ryan Kesler wins face-off versus Peter Mueller in Predators zone.
15:43 of 2nd period - Wrist shot by Alexander Steen.
15:43 of 2nd period - Shot Blocked by Mike Lundin.
16:39 of 2nd period - Icing by Nik Antropov.
16:40 of 2nd period - Andy Miele wins face-off versus Cody Eakin in Predators zone.
16:40 of 2nd period - Andy Miele is hit by Branislav Mezei.
16:45 of 2nd period - Off-side.
16:46 of 2nd period - Cody Eakin wins face-off versus Andy Miele in neutral zone.
16:53 of 2nd period - Snap shot by Cody Eakin.
16:53 of 2nd period - Goal by Cody Eakin - Blue Jackets : 2 - Predators : 2.
16:54 of 2nd period - Alexander Ovechkin wins face-off versus Pavel Datsyuk in neutral zone.
17:33 of 2nd period - Slapshot by Brendan Gallagher.
17:33 of 2nd period - Deflect By Ryan Kesler.
17:33 of 2nd period - Goal by Ryan Kesler - Blue Jackets : 2 - Predators : 3.
17:34 of 2nd period - Pavel Datsyuk wins face-off versus Mikael Granlund in neutral zone.
17:34 of 2nd period - Pavel Datsyuk is hit by Niclas Bergfors.
17:46 of 2nd period - Mike Lundin is hit by Alexander Edler and loses puck.
18:09 of 2nd period - Backhand shot by Alexander Steen.
18:09 of 2nd period - Deflect By Ryan Kesler.
18:09 of 2nd period - Shot Misses the Net.
18:09 of 2nd period - Puck is out of play.
18:10 of 2nd period - Andy Miele wins face-off versus Peter Mueller in Blue Jackets zone.
18:14 of 2nd period - Minor Penalty to Devin Setoguchi for Hooking.
18:15 of 2nd period - Mikael Granlund wins face-off versus Artemi Panarin in Blue Jackets zone.
18:29 of 2nd period - Wrist shot by Brendan Gallagher.
18:29 of 2nd period - Shot Misses the Net.
18:31 of 2nd period - Wrist shot by Mikael Granlund.
18:31 of 2nd period - Stopped by Rick DiPietro without a rebound.
18:32 of 2nd period - Mikael Granlund wins face-off versus Artemi Panarin in Blue Jackets zone.
18:42 of 2nd period - Snap shot by Brendan Gallagher.
18:42 of 2nd period - Shot Misses the Net.
18:44 of 2nd period - Wrist shot by Mikael Granlund.
18:44 of 2nd period - Shot Blocked by Cam Fowler.
18:46 of 2nd period - Backhand shot by Mikael Granlund.
18:46 of 2nd period - Shot Blocked by Mike Lundin.
18:56 of 2nd period - Derek Boogaard is hit by Niclas Bergfors and loses puck.
19:20 of 2nd period - Wrist shot by Ryan Mcdonagh.
19:20 of 2nd period - Deflect By James Van Riemsdyk.
19:20 of 2nd period - Shot Misses the Net.
19:20 of 2nd period - Puck is out of play.
19:21 of 2nd period - Artemi Panarin wins face-off versus Mikael Granlund in Blue Jackets zone.
19:30 of 2nd period - Brendan Gallagher is hit by Mike Lundin and loses puck.
19:47 of 2nd period - Minor Penalty to Ryan Murray for High sticking.
19:48 of 2nd period - Artemi Panarin wins face-off versus Mikael Granlund in Predators zone.
Goals for this period are 2 for Blue Jackets vs 1 for Predators.
Shots for this period are 16 for Blue Jackets vs 6 for Predators.

3rd period


0:01 of 3rd period - Mikael Granlund wins face-off versus Artemi Panarin in neutral zone.
0:14 of 3rd period - Penalty to Devin Setoguchi is over, Devin Setoguchi is back on ice.
1:37 of 3rd period - John Moore is hit by Branislav Mezei.
1:47 of 3rd period - Penalty to Ryan Murray is over, Ryan Murray is back on ice.
1:54 of 3rd period - Icing by Alexander Ovechkin.
1:55 of 3rd period - Mikael Granlund wins face-off versus Mike Comrie in Predators zone.
2:02 of 3rd period - A.J Thelen is hit by Alexander Ovechkin and loses puck.
2:22 of 3rd period - Icing by Ryan Wilson.
2:23 of 3rd period - Ryan Kesler wins face-off versus Cody Eakin in Blue Jackets zone.
3:16 of 3rd period - Justin Abdelkader is hit by Derek Boogaard and loses puck.
3:33 of 3rd period - Snap shot by Alexander Ovechkin.
3:33 of 3rd period - Stopped by Rick DiPietro without a rebound.
3:34 of 3rd period - Pavel Datsyuk wins face-off versus Niclas Bergfors in Blue Jackets zone.
4:07 of 3rd period - Icing by John Moore.
4:08 of 3rd period - Andreas Nodl wins face-off versus Ryan Kesler in Predators zone.
4:13 of 3rd period - Slapshot by Max Pacioretty.
4:13 of 3rd period - Shot Misses the Net.
4:19 of 3rd period - Snap shot by Ryan Kesler.
4:19 of 3rd period - Stopped by Rick DiPietro without a rebound.
4:20 of 3rd period - Martin Havlat wins face-off versus Mikael Granlund in Blue Jackets zone.
4:47 of 3rd period - Alexander Edler is hit by Martin Havlat and loses puck.
4:52 of 3rd period - Snap shot by Pavel Datsyuk.
4:52 of 3rd period - Shot Misses the Net.
6:39 of 3rd period - Wrist shot by Artemi Panarin.
6:39 of 3rd period - Stopped by Viktor Fasth without a rebound.
6:40 of 3rd period - Peter Mueller wins face-off versus Ryan Kesler in Predators zone.
6:45 of 3rd period - Wrist shot by Derek Boogaard.
6:45 of 3rd period - Shot Misses the Net.
6:47 of 3rd period - Minor Penalty to Brendan Gallagher for Goalie Interference.
6:48 of 3rd period - Andy Miele wins face-off versus Peter Mueller in Predators zone.
6:59 of 3rd period - Slapshot by Rob Scuderi.
6:59 of 3rd period - Shot Blocked by John Moore.
7:41 of 3rd period - Adam Burish is hit by Rob Scuderi and loses puck.
8:47 of 3rd period - Penalty to Brendan Gallagher is over, Brendan Gallagher is back on ice.
9:02 of 3rd period - Ryan Murray is hit by Andreas Nodl and loses puck.
9:36 of 3rd period - Snap shot by Ryan Kesler.
9:36 of 3rd period - Shot Misses the Net.
9:38 of 3rd period - Slapshot by Nate Schmidt.
9:38 of 3rd period - Shot Blocked by Ryan Wilson.
9:40 of 3rd period - Wrist shot by Brendan Gallagher.
9:40 of 3rd period - Stopped by Rick DiPietro without a rebound.
9:41 of 3rd period - Nik Antropov wins face-off versus Mike Comrie in Blue Jackets zone.
9:42 of 3rd period - Slapshot by Justin Abdelkader.
9:42 of 3rd period - Shot Misses the Net.
10:28 of 3rd period - John Moore is hit by Max Pacioretty and loses puck.
11:46 of 3rd period - Niclas Bergfors is hit by Rob Scuderi.
12:14 of 3rd period - Off-side.
12:15 of 3rd period - Ryan Kesler wins face-off versus Peter Mueller in neutral zone.
12:22 of 3rd period - Slapshot by Ryan Kesler.
12:22 of 3rd period - Stopped by Rick DiPietro without a rebound.
12:23 of 3rd period - Mikael Granlund wins face-off versus Martin Havlat in Blue Jackets zone.
13:06 of 3rd period - Slapshot by Max Pacioretty.
13:06 of 3rd period - Shot Misses the Net.
13:20 of 3rd period - Slapshot by Branislav Mezei.
13:20 of 3rd period - Shot Blocked by Ryan Kesler.
14:18 of 3rd period - Max Pacioretty is hit by Brendan Gallagher and loses puck.
14:35 of 3rd period - Minor Penalty to Brendan Gallagher for Hooking.
14:36 of 3rd period - Andy Miele wins face-off versus Pavel Datsyuk in Predators zone.
15:04 of 3rd period - Mike Lundin is hit by John Moore.
15:08 of 3rd period - Snap shot by Derek Boogaard.
15:08 of 3rd period - Stopped by Viktor Fasth without a rebound.
15:09 of 3rd period - Pavel Datsyuk wins face-off versus Ryan Kesler in Predators zone.
15:44 of 3rd period - Wrist shot by Peter Mueller.
15:44 of 3rd period - Goal by Peter Mueller - Blue Jackets : 3 - Predators : 3.
15:45 of 3rd period - Mike Comrie wins face-off versus Andy Miele in neutral zone.
15:50 of 3rd period - Snap shot by Andreas Nodl.
15:50 of 3rd period - Shot Misses the Net.
15:52 of 3rd period - Backhand shot by Cam Fowler.
15:52 of 3rd period - Shot Misses the Net.
16:12 of 3rd period - Niclas Bergfors is hit by Artemi Panarin and loses puck.
16:29 of 3rd period - Minor Penalty to Niclas Bergfors for Tripping.
16:30 of 3rd period - Andy Miele wins face-off versus Pavel Datsyuk in Predators zone.
16:39 of 3rd period - Adam Burish is hit by Pavel Datsyuk and loses puck.
17:04 of 3rd period - Wrist shot by Derek Boogaard.
17:04 of 3rd period - Shot Misses the Net.
18:29 of 3rd period - Penalty to Niclas Bergfors is over, Niclas Bergfors is back on ice.
18:49 of 3rd period - Alexander Steen is hit by Mike Comrie and loses puck.
19:54 of 3rd period - Cody Eakin is hit by Nik Antropov and loses puck.
Goals for this period are 1 for Blue Jackets vs 0 for Predators.
Shots for this period are 3 for Blue Jackets vs 4 for Predators.

Overtime #1


0:01 of 1st overtime period - Mikael Granlund wins face-off versus Artemi Panarin in neutral zone.
0:52 of 1st overtime period - Wrist shot by Martin Havlat.
0:52 of 1st overtime period - Shot Misses the Net.
0:54 of 1st overtime period - Backhand shot by Martin Havlat.
0:54 of 1st overtime period - Goal by Martin Havlat - Blue Jackets : 4 - Predators : 3.
Goals for this period are 1 for Blue Jackets vs 0 for Predators.
Shots for this period are 1 for Blue Jackets vs 0 for Predators.